 Dungeon Crawl Stone Soup version 0.23.2-33-g5129a83184 (webtiles) character file.

Game seed: 7578088534921333559

2068 zuik the Ogre Mage (level 9, -2/74 HPs)
             Began as an Ogre Fire Elementalist on July 19, 2019.
             Was a Believer of Vehumet.
             Slain by a killer bee (4 damage)
             ... on level 7 of the Dungeon.
             The game lasted 00:12:17 (6777 turns).

zuik the Ogre Mage (Ogre Fire Elementalist)         Turns: 6777, Time: 00:12:17

Health: -2/74      AC:  6    Str: 14    XL:     9   Next: 26%
Magic:  22/29      EV: 15    Int: 19    God:    Vehumet [**....]
Gold:   231        SH:  0    Dex: 14    Spells: 11/23 levels left

rFire    . . .     SeeInvis .   A - +0 flail (protect)
rCold    + . .     Gourm    .   (no shield)
rNeg     . . .     Faith    .   e - +1 robe {rC+}
rPois    .         Spirit   .   (helmet restricted)
rElec    .         Reflect  .   o - +0 cloak (curse)
rCorr    +         Harm     .   (gloves unavailable)
MR       .....                  (boots unavailable)
Stlth    +++.......             k - amulet of magic regeneration
HPRegen  0.22/turn              C - ring of magical power
MPRegen  0.46/turn              z - ring of resist corrosion

@: agile, lethally poisoned (-2 -> -32), flying, hasted, very quick
A: large, unfitting armour, blink, shaggy fur 1, tough skin 1
a: Blink, Renounce Religion


You were on level 7 of the Dungeon.
You worshipped Vehumet.
Vehumet was pleased with you.
You were not hungry.

You visited 2 branches of the dungeon, and saw 8 of its levels.
You also visited: Sewer.

You collected 231 gold pieces.

Inventory:

Hand Weapons
 l - a +1 whip of pain
 A - a +0 flail of protection (weapon)
Armour
 e - a +1 robe of cold resistance (worn)
 o - a cursed +0 cloak (worn)
Jewellery
 d - an uncursed ring of see invisible
 k - an amulet of magic regeneration (around neck)
 u - an uncursed ring of positive energy
 x - a +2 amulet of reflection {unknown}
 z - a ring of resist corrosion (right hand)
 C - a ring of magical power (left hand)
Wands
 h - a wand of acid (5)
Scrolls
 b - 6 scrolls of blinking
 g - 3 scrolls of magic mapping
 j - 3 scrolls of immolation
 m - 2 scrolls of remove curse
 n - 2 scrolls of fog {unknown}
 q - a scroll of amnesia {unknown}
 r - 2 scrolls of fear {unknown}
 y - a scroll of random uselessness {unknown}
 B - a scroll of noise {unknown}
 D - 2 scrolls of teleportation {unknown}
Potions
 a - a potion of agility
 f - a potion of flight
 i - 2 potions of lignification
 p - a potion of mutation
 s - a potion of berserk rage {unknown}
 t - a potion of haste
 v - a potion of heal wounds {unknown}
 w - 2 potions of brilliance {unknown}
 E - 2 potions of magic {unknown}
Comestibles
 c - 6 rations
 F - 2 chunks of flesh


   Skills:
 - Level 1.7 Dodging
 - Level 1.4 Stealth
 + Level 7.9 Spellcasting
 + Level 6.2 Conjurations
 + Level 6.8 Fire Magic


You had 11 spell levels left.
You knew the following spells:

 Your Spells              Type           Power        Failure   Level  Hunger
a - Flame Tongue          Conj/Fire      ####.        1%          1    None
b - Throw Flame           Conj/Fire      ####..       1%          2    None
c - Sticky Flame          Conj/Fire      ####....     6%          4    ###....
d - Fireball              Conj/Fire      ####......   17%         5    #####..

Your spell library contained the following spells:

 Spells                   Type           Power        Failure   Level  Hunger
 Freeze                   Ice            #...         10%         1    None
 Conjure Flame            Conj/Fire      ####....     1%          3    None
 Inner Flame              Hex/Fire       ###.....     7%          3    None


Dungeon Overview and Level Annotations

Branches:
Dungeon (7/15)             Temple (1/1) D:4

Altars:
Ashenzari
Cheibriados
Dithmenos
Elyvilon
Gozag
Hepliaklqana
Okawaru
Qazlal
Ru
Sif Muna
Uskayaw
Vehumet
Wu Jian
Xom
Yredelemnul
Zin
The Shining One
Lugonu

Shops:
D:5 %   D:6 :%=[}


Innate Abilities, Weirdness & Mutations

You are too large for most types of armour.
You have tough skin. (AC +1)
You can translocate small distances at will.
You are covered in fur. (AC +1)


Message History

Okay, then.
It was a potion of agility.
You feel agile all of a sudden.
* * * LOW HITPOINT WARNING * * *
You feel very sick. The killer bee barely misses you. x2
It was a potion of flight.
You feel very buoyant.
You fly up into the air.
* * * LOW HITPOINT WARNING * * *
You feel very sick. The killer bee barely misses you.
A giant cockroach comes into view.
The killer bee closely misses you.
Unknown command.
It was a potion of haste.
You feel yourself speed up.
* * * LOW HITPOINT WARNING * * *
You feel very sick. The killer bee stings you.
You die...

# .. ##. .... #
....s#####)#####
###.....@y).....
.......<###.....
#?#.......+ ...
######### .


You could see a killer bee and a giant cockroach (wandering).

Vanquished Creatures
  Sigmund (D:6)
  Edmund (D:5)
  Duvessa (D:5)
  An ice beast (D:6)
  A necrophage (D:6)
  3 ogres
  A big kobold (D:7)
  2 bullfrogs (D:6)
  Dowan (D:5)
  2 scorpions
  2 killer bees (D:7)
  4 wights (D:6)
  2 howler monkeys
  A crimson imp (D:5)
  2 jellies (D:6)
  An orc priest (D:4)
  2 orc wizards
  An iguana (D:4)
  3 worker ants (D:5)
  4 gnolls (D:3)
  6 river rats
  8 adders
  An ooze (D:1)
  An adder skeleton (D:5)
  2 dart slugs (D:1)
  A worm (D:2)
  5 leopard geckos
  4 orcs
  6 ball pythons
  4 bats
  6 giant cockroaches
  9 hobgoblins
  15 jackals
  3 quokkas
  11 frilled lizards
  12 goblins
  9 kobolds
  A leopard gecko zombie (D:5)
  18 rats
158 creatures vanquished.

Notes
Turn   | Place    | Note
-------+----------+-------------------------------------------
     0 | D:1      | zuik the Ogre Fire Elementalist began the quest for the
                  | Orb.
     0 | D:1      | Reached XP level 1. HP: 16/16 MP: 3/3
   105 | D:1      | Reached skill level 1 in Conjurations
   379 | D:1      | Reached XP level 2. HP: 24/24 MP: 2/5
   676 | D:1      | Reached skill level 3 in Spellcasting
   676 | D:1      | Reached XP level 3. HP: 31/31 MP: 3/7
  1568 | D:2      | Reached XP level 4. HP: 29/39 MP: 2/8
  1721 | D:2      | Found a glowing silver altar of Zin.
  1858 | D:2      | Found a shadowy altar of Dithmenos.
  2164 | D:3      | Found a hazy altar of Hepliaklqana.
  2186 | D:3      | Learned a level 4 spell: Sticky Flame
  2213 | D:3      | Found a basalt altar of Yredelemnul.
  2558 | D:3      | Learned a level 2 spell: Throw Flame
  2754 | D:3      | Reached XP level 5. HP: 24/45 MP: 0/10
  3173 | D:3      | Reached skill level 4 in Spellcasting
  3210 | D:3      | Found a shattered altar of Ashenzari.
  3518 | D:4      | Found a shimmering altar of Xom.
  3864 | D:4      | Reached XP level 6. HP: 30/53 MP: 5/12
  4166 | D:4      | Found a staircase to the Ecumenical Temple.
  4402 | Temple   | Entered the Ecumenical Temple
  4622 | D:5      | Entered Level 5 of the Dungeon
  4675 | D:5      | Reached skill level 5 in Spellcasting
  4751 | D:5      | Reached XP level 7. HP: 59/59 MP: 5/14
  4777 | D:5      | Noticed Duvessa
  4779 | D:5      | Noticed Dowan
  4788 | D:5      | Killed Duvessa
  4792 | D:5      | Killed Dowan
  4855 | D:5      | Noticed Edmund
  4871 | D:5      | Killed Edmund
  4871 | D:5      | Reached skill level 5 in Fire Magic
  5058 | D:5      | Found a shimmering altar of Xom.
  5058 | D:5      | Found an iron altar of Okawaru.
  5059 | D:5      | Found a radiant altar of Vehumet.
  5076 | D:5      | Became a worshipper of Vehumet
  5082 | D:5      | Reached skill level 6 in Spellcasting
  5082 | D:5      | Reached XP level 8. HP: 58/67 MP: 10/17
  5238 | D:5      | Found Dunuoniu's Food Shop.
  5652 | D:6      | Found Doem Ono's Food Shop.
  5678 | D:6      | Found Zucoshu's Book Boutique.
  5691 | D:6      | Reached skill level 5 in Conjurations
  5767 | D:6      | Found Dypobuic's Jewellery Shoppe.
  5818 | D:6      | Noticed Sigmund
  5828 | D:6      | Killed Sigmund
  5828 | D:6      | Reached skill level 7 in Spellcasting
  5926 | D:6      | Reached * piety under Vehumet
  5926 | D:6      | Offered knowledge of Shock by Vehumet.
  5972 | D:6      | Found a glowing drain.
  5976 | Sewer    | Entered a sewer
  6038 | Sewer    | Reached XP level 9. HP: 71/74 MP: 20/20
  6427 | Sewer    | Learned a level 5 spell: Fireball
  6534 | D:6      | Found Zucuhuvo's Gadget Shop.
  6572 | D:6      | Found a sacrificial altar of Ru.
  6612 | D:6      | Found Qameleci's Armour Boutique.
  6637 | D:6      | Reached ** piety under Vehumet
  6637 | D:6      | Offered knowledge of Freeze by Vehumet.
  6774 | D:7      | Gained mutation: You are covered in fur. (AC +1) [potion of
                  | mutation]
  6774 | D:7      | Gained mutation: You can translocate small distances at
                  | will. [potion of mutation]
  6777 | D:7      | HP: 2/74 [poisoned by a killer bee]
  6777 | D:7      | Slain by a killer bee

Skill      XL: |  1  2  3  4  5  6  7  8  9 |
---------------+----------------------------+-----
Conjurations   | 1 2 3 4 5 6 |  6.2
Fire Magic     | 3 4 5 6 |  6.8
Spellcasting   | 3 4 5 6 7 |  7.9
Dodging        | |  1.7
Stealth        | |  1.4

Action                   |  1- 3 |  4- 6 |  7- 9 || total
-------------------------+-------+-------+-------++-------
Melee: Unarmed           |    18 |       |       ||    18
       Short sword       |    13 |       |       ||    13
       Whip              |     7 |    38 |     4 ||    49
       Flail             |       |       |    56 ||    56
 Cast: Flame Tongue      |    53 |    94 |   108 ||   255
       Throw Flame       |       |    10 |     1 ||    11
       Sticky Flame      |       |     3 |    13 ||    16
       Fireball          |       |       |     6 ||     6
  Use: Scroll            |     1 |     5 |     2 ||     8
       Potion            |       |       |     4 ||     4
 Stab: Sleeping          |       |       |     3 ||     3
  Eat: Chunk             |     2 |    10 |     8 ||    20
       Ration            |       |       |     1 ||     1
Armor: Robe              |    11 |    29 |    47 ||    87
Dodge: Dodged            |    19 |    55 |    78 ||   152
